 Dungeon Crawl Stone Soup version 0.28-a0-793-g31680bbd8b (webtiles) character file.

Game seed: 11031116139330467441

8979 horus123 the Jinx (level 11, -2/76 HPs)
             Began as a Demonspawn Abyssal Knight on Nov 3, 2021.
             Was an Elder of Lugonu.
             Slain by a shadow (38 damage)
             ... on level 11 of the Dungeon.
             The game lasted 00:21:48 (9796 turns).

horus123 the Jinx (Demonspawn Abyssal Knight)       Turns: 9796, Time: 00:21:49

Health: -2/76      AC:  7    Str: 15    XL:     11   Next: 17%
Magic:  19/19      EV: 10    Int: 19    God:    Lugonu [****..]
Gold:   491        SH: 20    Dex: 16    Spells: 1/20 levels left

rFire   . . .      SeeInvis .   a - +3 spear (flame)
rCold   . . .      Faith    .   d - +3 kite shield
rNeg    . . .      Spirit   .   s - +3 leather armour "Zoboc" {Harm rPois Dex+2 Slay+2}
rPois   +          Reflect  .   M - +2 helmet
rElec   .          Harm     +   (no cloak)
rCorr   .          Rampage  .   c - +0 pair of gloves
Will    .....                   k - +0 pair of boots
Stlth   ++........              e - amulet of magic regeneration
HPRegen 0.22/turn               r - +4 ring of slaying
MPRegen 0.41/turn               D - +6 ring of intelligence

@: corroded
A: large bone plates 2, spiny 1, demonic magic 2, weakness stinger 1
a: Renounce Religion, Depart the Abyss, Bend Space, Banish, Corrupt


You were on level 11 of the Dungeon.
You worshipped Lugonu.
Lugonu was greatly pleased with you.
You visited 1 branch of the dungeon, and saw 11 of its levels.
You visited the Abyss 1 time.

You collected 491 gold pieces.

Inventory:

Hand Weapons
 a - a +3 spear of flaming (weapon)
 j - a +0 halberd of chaos
Armour
 b - a +0 leather armour
 c - a +0 pair of gloves (worn)
 d - a +3 kite shield (worn)
 f - a +2 scale mail of fire resistance
 k - a +0 pair of boots (worn)
 m - the +2 leather armour of Donil {rF+ rC+ Dex-2}
   (You found it on level 4 of the Dungeon)

   Dex:       It affects your dexterity (-2).
   rF:        It protects you from fire.
   rC:        It protects you from cold.
 s - the +3 leather armour "Zoboc" (worn) {Harm rPois Dex+2 Slay+2}
   (You found it on level 5 of the Dungeon)

   Dex:       It affects your dexterity (+2).
   Slay:      It affects your accuracy & damage with ranged weapons and melee
   (+2).
   rPois:     It protects you from poison.
   Harm:      It increases damage dealt and taken.
 y - the -1 helmet of the Evening {Harm Will+ Str+3}
   (You found it on level 7 of the Dungeon)

   Str:       It affects your strength (+3).
   Harm:      It increases damage dealt and taken.
   Will:      It increases your willpower.
 B - a +0 helmet
 E - the +4 skin of Zhor {*Englaciate rC+++ SInv}
   (You found it on level 8 of the Dungeon)

   It radiates cold, occasionally slowing all nearby creatures who are not
   resistant to cold.
   rC:        It renders you almost immune to cold.
   SInv:      It lets you see invisible.
 M - a +2 helmet (worn)
Magical Staves
 F - a staff of earth
Jewellery
 e - an amulet of magic regeneration (around neck)
 l - a ring of see invisible
 r - a +4 ring of slaying (left hand)
 u - an amulet of guardian spirit
 x - a ring of positive energy
 z - a ring of protection from cold
 D - a +6 ring of intelligence (right hand)
 H - a ring of magical power
Wands
 i - a wand of paralysis (8)
 t - a wand of digging (11)
 G - a wand of flame (25)
 J - a wand of mindburst (15)
Scrolls
 q - 2 scrolls of teleportation
 w - 3 scrolls of fear
 A - 3 scrolls of identify
 C - 2 scrolls of amnesia
 I - a scroll of brand weapon
Potions
 g - 2 potions of curing
 h - a potion of flight {unknown}
 n - 3 potions of attraction
 o - 3 potions of brilliance {unknown}
 p - 2 potions of degeneration
 v - 2 potions of lignification {unknown}
 K - a potion of mutation {unknown}
 L - 2 potions of haste {unknown}


   Skills:
 - Level 3.7 Fighting
 - Level 5.5 Polearms
 - Level 2.5 Armour
 - Level 1.7 Dodging
 - Level 1.2 Stealth
 - Level 7.3 Shields
 - Level 5.4 Spellcasting
 + Level 8.8 Hexes
 - Level 5.6 Earth Magic
 - Level 8.3 Invocations


You had one spell level left.
You knew the following spells:

 Your Spells              Type           Power      Damage    Failure   Level
a - Passwall              Tmut/Erth      12%        N/A       19%         2
b - Swiftness             Air            5%         N/A       75%         3
c - Invisibility          Hex            19%        N/A       86%         6
d - Slow                  Hex            100%       N/A       1%          1
e - Confusing Touch       Hex            38%        N/A       3%          3
f - Cause Fear            Hex            19%        N/A       11%         4

Your spell library contained the following spells:

 Spells                   Type           Power      Damage    Failure   Level
 Animate Skeleton         Necr           10%        N/A       36%         1
 Apportation              Tloc           10%        N/A       36%         1
 Summon Small Mammal      Summ           20%        N/A       36%         1
 Inner Flame              Hex/Fire       21%        N/A       19%         3
 Summon Guardian Golem    Hex/Summ       21%        N/A       19%         3
 Vampiric Draining        Necr           5%         2d6       75%         3
 Orb of Destruction       Conj           2%         9d1       100%        7
 Spellforged Servitor     Conj/Summ      2%         N/A       100%        7
 Discord                  Hex            19%        N/A       100%        8


Dungeon Overview and Level Annotations

Branches:
Dungeon (11/15)            Temple (0/1) D:6            Lair (0/6) D:10
    Orc (0/2) D:9

Altars:
Ashenzari
Dithmenos
Fedhas
Gozag
Hepliaklqana
Kikubaaqudgha
Nemelex Xobeh
Okawaru
Ru
Xom
Zin

Shops:
D:8 *


Innate Abilities, Weirdness & Mutations

You are mostly covered in large bone plates. (SH +6)
You are partially covered in sharp spines.
Spells you cast may paralyse nearby enemies.
You have a small tail.


Message History

You hit the troll. You burn the troll.
You kill the troll!
Lugonu accepts your kill. The acid dragon spits acid at you.
The splash of acid hits you! The acid corrodes you!
The acid dragon seems to slow down.
Malevolent energies surge around you.
You reach to attack!
You hit the acid dragon. You burn the acid dragon.
The acid dragon is lightly wounded.
The acid dragon struggles to resist.
Malevolent energies surge around you.
The acid dragon suddenly stops moving!
The shadow slips into darkness.
The shadow flickers and vanishes!
Deactivating autopickup; reactivate with Ctrl-A.
You reach to attack!
The helpless acid dragon fails to defend itself.
You hit the acid dragon. You burn the acid dragon.
The acid dragon is moderately wounded.
You reach to attack!
The helpless acid dragon fails to defend itself.
You puncture the acid dragon! You burn the acid dragon.
The acid dragon is severely wounded.
The acid dragon is no longer paralysed.
The acid dragon spits acid at you. You block the splash of acid.
You reach to attack!
You barely miss the acid dragon.
The acid dragon is severely wounded.
The shadow strikes at you from the darkness!
Reactivating autopickup.
The acid dragon seems to slow down.
Malevolent energies surge around you.
The acid dragon suddenly stops moving!
The shadow hits you.
You are too injured to fight recklessly!
You are too injured to fight recklessly!
You are too injured to fight recklessly!
You are too injured to fight recklessly!
The shadow slips into darkness.
The shadow flickers and vanishes!
Deactivating autopickup; reactivate with Ctrl-A.
The shadow strikes at you from the darkness!
Ouch! That really hurt!
You die...

######
...................
....####........... .
. ###........... ..
####............. ...
###............. ..
....##...............
..
.....................
..
.....................
..
.#.....@.............
..
.......D{............
..
.....................
..
...................
.. .................
.. ................
.. [.............! ..
............... (. ##


You could see an acid dragon (paralysed, catching breath).

Vanquished Creatures
  2 two-headed ogres
  A centaur zombie (D:10)
  Maurice (D:9)
  2 hornets (D:9)
  6 trolls
  A meliai zombie (D:11)
  A shadow (D:10)
  6 yaks (D:11)
  2 water moccasins
  Duvessa (D:5)
  3 orc warriors
  A sky beast (D:7)
  3 ice beasts
  An ogre (D:6)
  2 necrophages
  4 centaurs
  2 phantoms
  2 kobold brigands
  5 bullfrogs
  3 scorpions
  Dowan (D:5)
  A water moccasin skeleton (D:5)
  A wyvern skeleton (D:6)
  10 killer bees
  A wight (D:6)
  A howler monkey (D:6)
  3 jellies
  A gnoll shaman (D:6)
  7 orc priests
  Crazy Yiuf (D:7)
  A centaur skeleton (D:5)
  4 hounds
  Ijyb (D:5)
  3 iguanas
  9 orc wizards
  Terence (D:3)
  A hound zombie (D:5)
  A hound skeleton (D:2)
  4 howler monkey zombies
  4 gnolls
  2 howler monkey skeletons
  3 adders
  3 shadow imps
  2 white imps (D:6)
  An adder skeleton (D:4)
  2 worms
  3 dart slugs
  22 orcs
  6 endoplasms
  3 giant cockroaches
  5 goblins
  7 hobgoblins
  3 jackals (D:2)
  4 quokkas
  9 ball pythons
  2 bats
  9 frilled lizards
  10 kobolds
  4 rats
205 creatures vanquished.

Vanquished Creatures (others)
  An orc wizard (D:6)
1 creature vanquished.

Grand Total: 206 creatures vanquished

Notes
Turn   | Place    | Note
-------+----------+-------------------------------------------
     0 | Abyss:1  | horus123 the Demonspawn Abyssal Knight began the quest for
                  | the Orb.
     0 | Abyss:1  | Reached XP level 1. HP: 18/18 MP: 2/2
    15 | D:1      | Escaped the Abyss
    18 | D:1      | Noticed a formicid
    20 | D:1      | Noticed a draconian
    20 | D:1      | Noticed a merfolk
    22 | D:1      | Noticed a demigod
    24 | D:1      | Noticed a gargoyle
    26 | D:1      | Noticed a ghoul
    28 | D:1      | Noticed a vine stalker
    28 | D:1      | Noticed a naga
    30 | D:1      | Noticed a felid
    30 | D:1      | Noticed an elf
    32 | D:1      | Noticed a vampire
    34 | D:1      | Noticed a minotaur
    34 | D:1      | Noticed a spriggan
    36 | D:1      | Noticed a troll
    36 | D:1      | Noticed a demonspawn
    38 | D:1      | Noticed an ogre
    38 | D:1      | Noticed an octopode
    40 | D:1      | Noticed a tengu
    40 | D:1      | Noticed a human
    42 | D:1      | Noticed a dwarf
   306 | D:1      | Noticed a floating eye
   309 | D:1      | Found a faded altar of an unknown god.
   310 | D:1      | Noticed a shining eye
   310 | D:1      | Noticed a shining eye
   310 | D:1      | Noticed a floating eye
   354 | D:1      | Gained mutation: You are partially covered in large bone
                  | plates. (SH +4) [demonic ancestry]
   354 | D:1      | Reached XP level 2. HP: 22/24 MP: 4/4
  1105 | D:2      | Gained mutation: You are partially covered in sharp spines.
                  | [demonic ancestry]
  1105 | D:2      | Reached XP level 3. HP: 29/29 MP: 5/5
  1155 | D:2      | Reached skill level 1 in Dodging
  1156 | D:2      | Reached ** piety under Lugonu
  1164 | D:2      | Reached skill level 1 in Shields
  1276 | D:2      | Gained mutation: You have a small tail. [demonic ancestry]
  1276 | D:2      | Reached XP level 4. HP: 28/36 MP: 6/6
  1458 | D:2      | You fall into a shaft and drop 2 floors!
  1876 | D:3      | Noticed Terence
  1890 | D:3      | Killed Terence
  1891 | D:3      | Reached skill level 1 in Stealth
  2165 | D:3      | Gained mutation: You are mostly covered in large bone
                  | plates. (SH +6) [demonic ancestry]
  2165 | D:3      | Reached XP level 5. HP: 42/42 MP: 7/7
  2808 | D:4      | Identified the +2 leather armour of Donil {rF+ rC+ Dex-2}
  3011 | D:4      | Reached XP level 6. HP: 41/48 MP: 8/8
  3384 | D:4      | Reached *** piety under Lugonu
  3478 | D:5      | Entered Level 5 of the Dungeon
  3612 | D:5      | Reached skill level 5 in Invocations
  3613 | D:5      | Identified the +3 leather armour "Zoboc" {Harm rPois Dex+2
                  | Slay+2}
  3654 | D:5      | Noticed Ijyb
  3661 | D:5      | Killed Ijyb
  3665 | D:5      | Gained mutation: Spells you cast may paralyse adjacent
                  | enemies. [demonic ancestry]
  3665 | D:5      | Reached XP level 7. HP: 45/53 MP: 11/11
  3791 | D:5      | Noticed Dowan
  3791 | D:5      | Noticed Duvessa
  3803 | D:5      | Killed Duvessa
  3822 | D:5      | Killed Dowan
  3823 | D:5      | Reached skill level 1 in Spellcasting
  3934 | D:5      | Noticed an angel
  3939 | D:5      | Found a shimmering altar of Xom.
  4031 | D:5      | Gained mutation: Spells you cast may paralyse nearby
                  | enemies. [demonic ancestry]
  4031 | D:5      | Reached XP level 8. HP: 60/60 MP: 14/14
  4499 | D:6      | Reached skill level 5 in Spellcasting
  4617 | D:6      | Reached **** piety under Lugonu
  4642 | D:6      | You fall into a shaft and drop 2 floors!
  4703 | D:6      | Found a staircase to the Ecumenical Temple.
  4796 | D:6      | Reached skill level 5 in Shields
  4914 | D:6      | Found a hazy altar of Hepliaklqana.
  5092 | D:6      | Reached XP level 9. HP: 48/64 MP: 17/17
  5136 | D:6      | Learned a level 2 spell: Passwall
  5140 | D:6      | Learned a level 3 spell: Swiftness
  5147 | D:6      | Learned a level 6 spell: Invisibility
  5311 | D:7      | Found an ancient bone altar of Kikubaaqudgha.
  5311 | D:7      | Found a sacrificial altar of Ru.
  5312 | D:7      | Found a shadowy altar of Dithmenos.
  5350 | D:7      | Found a broken altar of Ashenzari.
  5364 | D:7      | Identified the -1 helmet of the Evening {Harm Will+ Str+3}
  5954 | D:7      | Found a blossoming altar of Fedhas.
  6124 | D:7      | Found a runed translucent door.
  6125 | D:7      | Noticed Crazy Yiuf
  6292 | D:7      | Killed Crazy Yiuf
  6319 | D:8      | Found an iron altar of Okawaru.
  6319 | D:8      | Found an opulent altar of Gozag.
  6563 | D:8      | Found Ukhlut's General Store.
  6610 | D:8      | Reached skill level 5 in Polearms
  6693 | D:8      | Found the +4 skin of Zhor {*Englaciate rC+++ SInv}
  6953 | D:8      | Reached skill level 1 in Earth Magic
  7422 | D:9      | Reached XP level 10. HP: 71/71 MP: 18/18
  7611 | D:9      | Found a staircase to the Orcish Mines.
  7655 | D:9      | Noticed Maurice
  7662 | D:9      | Killed Maurice
  7663 | D:9      | Reached skill level 5 in Earth Magic
  7743 | D:9      | Learned a level 1 spell: Slow
  7747 | D:9      | Learned a level 3 spell: Confusing Touch
  7797 | D:9      | Reached skill level 1 in Hexes
  7835 | D:9      | Found a sparkling altar of Nemelex Xobeh.
  7898 | D:9      | Reached ***** piety under Lugonu
  8180 | D:10     | Entered Level 10 of the Dungeon
  8182 | D:10     | Noticed a two-headed ogre
  8190 | D:10     | Killed a two-headed ogre
  8339 | D:10     | Learned a level 4 spell: Cause Fear
  8357 | D:10     | Found a staircase to the Lair.
  8404 | D:10     | Reached skill level 5 in Hexes
  8962 | D:11     | Found a flagged portal.
  9022 | D:11     | Noticed a two-headed ogre
  9031 | D:11     | Killed a two-headed ogre
  9221 | D:11     | Reached XP level 11. HP: 54/76 MP: 19/19
  9796 | D:11     | Slain by a shadow

Illustrated notes

Levels and vault maps discovered:
D:1:      kb_arrival_jail, layout_loops_ring,
          hellmonk_ecumenical_altar_watching_god, chequers_serial_rivers_small_3
D:2:      layout_basic
D:3:      layout_basic, minmay_lizard_king, uniq_terence
D:4:      layout_gridville, grunt_decor_arrowhead
D:5:      layout_basic, grunt_temple_overflow_order_and_chaos_1, uniq_ijyb,
          uniq_duvessa
D:6:      layout_rooms, mainiacjoe_overflow_alcove_2,
          minmay_temple_entry_glassed_door, kennysheep_potato
D:7:      layout_basic, nicolae_overflow_quartered_altars,
          mainiacjoe_overflow_alcove_1, minivault_23, uniq_crazy_yiuf_cottage
D:8:      layout_basic, mainiacjoe_overflow_large_starburst, serial_shops,
          nicolae_square_shop
D:9:      layout_irregular_city, overflow_temple_1_default, orc_0_dummy,
          uniq_maurice
D:10:     layout_cross, lair_entry_dummy
D:11:     layout_layer_cave, enter_bailey_2

Skill      XL: |  1  2  3  4  5  6  7  8  9 10 11 |
---------------+----------------------------------+-----
Polearms       | 2 3 5 |  5.5
Armour         | 2 |  2.5
Dodging        | 1 |  1.7
Shields        | 1 2 5 7 |  7.3
Stealth        | 1 |  1.2
Invocations    | 5 8 |  8.3
Spellcasting   | 2 5 |  5.4
Earth Magic    | 3 5 |  5.6
Hexes          | 7 8 |  8.8
Fighting       | |  3.7

Action                   |  1- 3 |  4- 6 |  7- 9 | 10-12 || total
-------------------------+-------+-------+-------+-------++-------
Melee: Spear             |    86 |   177 |   260 |   124 ||   647
       Tailslap          |       |    21 |    31 |    21 ||    73
 Cast: Slow              |       |       |       |    25 ||    25
Invok: Banish            |       |       |       |     1 ||     1
  Use: Scroll            |     2 |     3 |     4 |     7 ||    16
       Potion            |     1 |     1 |     1 |     1 ||     4
 Stab: Sleeping          |     4 |     2 |     7 |     1 ||    14
       Paralysed         |       |       |       |    27 ||    27
Armor: Leather armour    |    17 |     3 |    28 |    20 ||    68
       Scale mail        |       |    23 |       |       ||    23
Dodge: Dodged            |    19 |    16 |    26 |    22 ||    83
Block: Kite shield       |    40 |   106 |   175 |   119 ||   440

Table legend: (Time is in decaauts)
 A = Elapsed time spent in this place.
 B = Non-inter-level travel time spent in this place.
 C = Inter-level travel time spent in this place.
 D = Time resting spent in this place.
 E = Time spent auto-exploring this place.
 F = Levels seen in this place.
 G = Mean time per level.
                   A        B        C        D        E       F      G
               +--------+--------+--------+--------+--------+-----+--------+
         Total |   9890 |   9648 |    242 |    636 |   7317 |  12 |  824.2 |
       Dungeon |   9875 |   9633 |    242 |    636 |   7307 |  11 |  897.7 |
         Abyss |     15 |     15 |      0 |      0 |     10 |   1 |   15.0 |
               +--------+--------+--------+--------+--------+-----+--------+

Top non-repeatable levels by time:
     D:7: 1112 daAuts
     D:4: 1061 daAuts
     D:1: 997 daAuts
     D:6: 949 daAuts
     D:8: 944 daAuts
     D:9: 921 daAuts
    D:11: 870 daAuts
     D:5: 810 daAuts
     D:3: 780 daAuts
    D:10: 742 daAuts
     D:2: 683 daAuts
 Abyss:1: 15 daAuts
